 Dungeon Crawl Stone Soup version 0.19.4-8-ga85b6b9 (console) character file.

107 Grinner the Ducker (level 4, -1/23 HPs)
             Began as a Spriggan Gladiator on Feb 15, 2017.
             Slain by an orc
             ... wielding a +0 club
              (4 damage)
             ... on level 3 of the Dungeon.
             The game lasted 00:03:23 (2728 turns).

Grinner the Ducker (Spriggan Gladiator)             Turns: 2728, Time: 00:03:23

Health: -1/23      AC:  2    Str: 10 (12) XL:     4   Next: 56%
Magic:  4/4        EV: 26    Int:  6 (9)  God:
Gold:   92         SH:  0    Dex: 20 (23) Spells: 0 memorised, 3 levels left

rFire  . . .     SeeInvis +     a - +0 quarterstaff
rCold  . . .     Gourm    .     b - +0 robe
rNeg   . . .     Faith    .     (shield currently unavailable)
rPois  .         Spirit   .     c - +0 hat
rElec  .         Reflect  .     (no cloak)
rCorr  .         Harm     .     (gloves unavailable)
MR     .....                    (boots unavailable)
Stlth  +++.......               e - amulet of magic regeneration
                                (no ring)
                                (no ring)

@: agile, very quick
A: unfitting armour, see invisible, agile 1, herbivore 3, speed 3, low mp 1,
slow metabolism 2
a: no special abilities


You were on level 3 of the Dungeon.
You were not hungry.

You visited 1 branch of the dungeon, and saw 3 of its levels.

You collected 92 gold pieces.

Inventory:

Hand Weapons
 a - a +0 quarterstaff (weapon)
Missiles
 d - 3 throwing nets (quivered)
Armour
 b - a +0 robe (worn)
 c - a +0 hat (worn)
Jewellery
 e - an amulet of magic regeneration (around neck)
Scrolls
 h - 3 scrolls of remove curse {unknown}
 i - 2 scrolls of identify {unknown}
 j - a scroll of random uselessness {unknown}
 m - a scroll of amnesia {unknown}
Comestibles
 f - a bread ration


   Skills:
 + Level 2.3 Fighting
 * Level 3.2 Staves
 - Level 2.0 Throwing
 + Level 5.5 Dodging


You had 3 spell levels left.
You didn't know any spells.

Dungeon Overview and Level Annotations

Branches:
Dungeon (3/15)

Altars:
Ashenzari
Sif Muna

Annotations:
D:3 Grinner's ghost, amateur MiGl


Innate Abilities, Weirdness & Mutations

You are very small and have problems with some larger weapons.
You are too small for most types of armour.
You have supernaturally acute eyesight. (SInv)
You are a herbivore.
You cover ground extremely quickly.
You need consume almost no food.
You are agile. (Dex +2)
Your magical capacity is low. (-10% MP)


Message History

The bat misses you. Grinner's ghost misses you. The bat completely misses you.
The orc completely misses you. Grinner's ghost completely misses you.
You miss Grinner's ghost.
Grinner's ghost is heavily damaged.
The bat closely misses you. Grinner's ghost closely misses you.
The orc closely misses you.
You hit Grinner's ghost.
Grinner's ghost is heavily damaged.
The bat completely misses you. x2; Grinner's ghost completely misses you.
An orc comes into view. It is wielding a mace.
You hit Grinner's ghost.
Grinner's ghost is severely damaged.
The bat completely misses you. Grinner's ghost completely misses you.
The orc hits you with a club!
* * * LOW HITPOINT WARNING * * *
You miss Grinner's ghost.
Grinner's ghost is severely damaged.
The bat completely misses you. The orc closely misses you. The bat misses you.
Grinner's ghost closely misses you. The orc hits you with a club.
You die...

##.# #>#
#.#### #.#
...#####.###.#
#.#
#####........#
#.#
#.#####..###.#
#### #.....#
...# ##....#
.. ##.#
#....####....
#...booooo...
#..###@######.
....## #W#
##.. ... ....
##.## #.#..
#.# #.## #..
... ##.


You could see Grinner's ghost, 5 orcs and a bat.

Vanquished Creatures
  A worker ant (D:3)
  3 adders
  A worm (D:2)
  A dart slug (D:1)
  A leopard gecko (D:1)
  4 orcs (D:3)
  4 giant cockroaches (D:1)
  3 goblins
  5 hobgoblins
  6 jackals (D:2)
  3 kobolds (D:1)
  2 ball pythons
  4 bats
  3 frilled lizards (D:1)
  6 rats
47 creatures vanquished.

Notes
Turn   | Place    | Note
-------+----------+-------------------------------------------
     0 | D:1      | Grinner the Spriggan Gladiator began the quest for the Orb.
     0 | D:1      | Reached XP level 1. HP: 10/10 MP: 2/2
   187 | D:1      | Reached XP level 2. HP: 13/14 MP: 3/3
   890 | D:1      | Reached XP level 3. HP: 13/18 MP: 4/4
  1344 | D:2      | Reached skill level 5 in Dodging
  1380 | D:2      | Found a shattered altar of Ashenzari.
  1970 | D:2      | Found a deep blue altar of Sif Muna.
  2233 | D:3      | Reached XP level 4. HP: 23/23 MP: 5/5
  2705 | D:3      | Noticed Grinner's ghost (amateur MiGl)
  2706 | D:3      | Gained mutation: Your magical capacity is low. (-10% MP) [potion of mutation]
  2706 | D:3      | Gained mutation: You are agile. (Dex +2) [potion of mutation]
  2728 | D:3      | Slain by an orc

Skill      XL: |  1  2  3 |
---------------+----------+-----
Fighting       | 2 |  2.3
Dodging        | 5 |  5.5
Staves         | 3 |  3.2
Throwing       | |  2.0

Action                   |  1- 3 |  4- 6 || total
-------------------------+-------+-------++-------
Melee: Quarterstaff      |   124 |    45 ||   169
  Use: Potion            |     2 |     3 ||     5
 Stab: Sleeping          |     2 |       ||     2
Armor: Robe              |    11 |     1 ||    12
Dodge: Dodged            |   122 |    71 ||   193
